 Dungeon Crawl Stone Soup version 0.21.1-1-g345015fe64 (webtiles) character file.

6613 Lentor the Carver (level 10, -1/90 HPs)
             Began as a Minotaur Berserker on June 20, 2018.
             Was a High Priest of Trog.
             Killed from afar by a steam dragon (5 damage)
             ... with a ball of steam
             ... on level 8 of the Dungeon.
             The game lasted 00:15:37 (6530 turns).

Lentor the Carver (Minotaur Berserker)              Turns: 6530, Time: 00:15:38

Health: -1/90      AC: 17    Str: 27    XL:     10   Next: 72%
Magic:  9/9        EV:  9    Int:  4    God:    Trog [*****.]
Gold:   554        SH:  0    Dex: 11    Spells: 9/9 levels left

rFire    . . .     SeeInvis .   x - +1 great sword
rCold    . . .     Gourm    .   (shield currently unavailable)
rNeg     . . .     Faith    .   r - +0 plate armour
rPois    .         Spirit   .   (helmet restricted)
rElec    .         Reflect  .   (no cloak)
rCorr    .         Harm     .   F - +0 pair of gloves
MR       .....                  w - +0 pair of boots
Stlth    ..........             (no amulet)
HPRegen  0.25/turn              y - +3 ring of strength
MPRegen  0.11/turn              z - ring of stealth

@: berserk cooldown, starving, drained
A: retaliatory headbutt, horns 2
a: Berserk, Trog's Hand, Brothers in Arms, Burn Spellbooks, Renounce Religion


You were on level 8 of the Dungeon.
You worshipped Trog.
Trog was extremely pleased with you.
You were starving.

You visited 2 branches of the dungeon, and saw 9 of its levels.

You collected 554 gold pieces.

Inventory:

Hand Weapons
 x - a +1 great sword (weapon)
Armour
 r - a +0 plate armour (worn)
 w - a +0 pair of boots (worn)
 F - a +0 pair of gloves (worn)
Jewellery
 a - an uncursed amulet of harm {unknown}
 y - a +3 ring of strength (left hand)
 z - a ring of stealth (right hand)
Scrolls
 b - 2 scrolls of enchant armour {unknown}
 d - a scroll of magic mapping {unknown}
 e - a scroll of immolation {unknown}
 g - 4 scrolls of identify {unknown}
 i - a scroll of amnesia {unknown}
 l - a scroll of fear {unknown}
 o - 5 scrolls of remove curse {unknown}
 p - a scroll of noise {unknown}
 q - a scroll of fog {unknown}
 t - a scroll of teleportation {unknown}
 A - a scroll of enchant weapon {unknown}
 D - 3 scrolls of blinking {unknown}
 H - a scroll of random uselessness {unknown}
Potions
 f - 8 potions of curing {unknown}
 h - 2 potions of mutation {unknown}
 j - 3 potions of resistance {unknown}
 k - 2 potions of magic {unknown}
 m - 2 potions of brilliance {unknown}
 n - 2 potions of heal wounds {unknown}
 s - 2 potions of lignification {unknown}
 u - 3 potions of might {unknown}
 v - 2 potions of flight {unknown}
 B - a potion of invisibility {unknown}
 C - 2 potions of cancellation {unknown}
 E - a potion of ambrosia {unknown}
 G - a potion of degeneration {unknown}
Comestibles
 c - 7 rations


   Skills:
 + Level 8.9(8.6) Fighting
 + Level 14.1(13.8) Long Blades
 + Level 10.3(10.0) Armour
 + Level 3.3(3.0) Dodging
 + Level 1.3(1.1) Stealth


You had 9 spell levels left.
You didn't know any spells.

Dungeon Overview and Level Annotations

Branches:
Dungeon (8/15)             Temple (1/1) D:5            Lair (0/6) D:8

Altars:
Ashenzari
Cheibriados
Dithmenos
Elyvilon
Fedhas
Gozag
Hepliaklqana
Kikubaaqudgha
Makhleb
Nemelex Xobeh
Qazlal
Ru
Sif Muna
Trog
Uskayaw
Vehumet
Wu Jian
Xom
Yredelemnul
The Shining One

Shops:
D:4 *   D:8 (


Innate Abilities, Weirdness & Mutations

You reflexively headbutt those who attack you in melee.
You have a pair of horns on your head.


Message History

You headbutt the sky beast.
You feel yourself speed up. The orc barely misses you.
You riposte.
You closely miss the orc.
You kill the orc!
Trog accepts your kill.
Okay, then.
You are starving!
An orc comes into view.
The orc hits you but does no damage. The orc hits you but does no damage.
The orc barely misses you.
The sky beast flickers out of sight!
Deactivating autopickup; reactivate with Ctrl-A.
The orc hits you.
* * * LOW HITPOINT WARNING * * *
A steam dragon comes into view.
The orc priest looks satisfied for a moment.
The steam dragon breathes steam at you. The ball of steam hits you!
You die...

###........ ........### ....
#######.### ..#.#.# #........
....[.#### #.###.### ##.#.#....#
#.# #.# ......>#.# #######.###.#
#.#.##...###........##.#
........@§§.D∩....<##.#
#..###o{###.######.##.# #.# #..#
#..# .##.# ####o####.o# ##.##
.##.# ######....##.#o.# #..# .#
..≈...#..o#.....####''####..
#...#.....##o#.##........## ###
#...##..).##.###..........####.##
.......#..##.##.....##.....##...#


You could see an orc priest, an orc wizard and 2 orcs.

Vanquished Creatures
  A two-headed ogre (D:8)
  The ghost of Lentor the Carver, a novice MiBe of Trog (D:8)
  The ghost of Kohma the Carver, a novice DsBe of Trog (D:7)
  Joseph (D:7)
  Grinder (D:4)
  Eustachio (D:4)
  A hungry ghost (D:7)
  Edmund (D:4)
  A water moccasin (D:6)
  A soldier ant (D:8)
  Duvessa (D:6)
  7 ice beasts
  2 orc warriors
  A black bear (D:7)
  6 ogres
  A big kobold (D:7)
  Dowan (D:6)
  3 bullfrogs
  3 scorpions
  A howler monkey (D:8)
  10 wights
  4 crimson imps
  A quasit (D:8)
  2 hounds
  A centaur zombie (D:6)
  A jelly (D:5)
  2 bullfrog skeletons
  3 orc priests
  3 iguanas
  7 orc wizards
  A centaur skeleton (D:7)
  11 worker ants
  A hound skeleton (D:7)
  7 adders
  8 gnolls
  2 shadow imps
  An ooze (D:3)
  2 adder skeletons
  An adder zombie (D:6)
  3 worms
  4 dart slugs
  8 leopard geckos
  28 orcs
  4 giant cockroaches
  9 goblins
  7 hobgoblins
  16 jackals
  19 kobolds
  7 quokkas
  A ball python (D:3)
  7 bats
  9 frilled lizards
  9 rats
235 creatures vanquished.

Vanquished Creatures (others)
  7 fungi (D:8)
  2 plants (D:8)
9 creatures vanquished.

Grand Total: 244 creatures vanquished

Notes
Turn   | Place    | Note
-------+----------+-------------------------------------------
     0 | D:1      | Lentor the Minotaur Berserker began the quest for the Orb.
     0 | D:1      | Reached XP level 1. HP: 19/19 MP: 0/0
    97 | D:1      | Reached XP level 2. HP: 27/27 MP: 1/1
   100 | D:1      | Reached skill level 4 in Long Blades
   157 | D:1      | Reached ** piety under Trog
   327 | D:1      | Reached XP level 3. HP: 23/33 MP: 2/2
   837 | D:2      | Found a stormy altar of Qazlal.
   913 | D:2      | Found a shattered altar of Ashenzari.
  1086 | D:2      | Reached skill level 5 in Long Blades
  1086 | D:2      | Reached XP level 4. HP: 38/41 MP: 3/3
  1309 | D:3      | Reached *** piety under Trog
  1630 | D:3      | Found a snail-covered altar of Cheibriados.
  1694 | D:3      | Reached XP level 5. HP: 40/47 MP: 4/4
  1852 | D:3      | Found a blossoming altar of Fedhas.
  1947 | D:4      | Noticed Grinder
  1952 | D:4      | Paralysed by Grinder for 2 turns
  1956 | D:4      | Killed Grinder
  1956 | D:4      | Reached skill level 6 in Long Blades
  1956 | D:4      | Reached XP level 6. HP: 53/53 MP: 5/5
  1965 | D:4      | Reached skill level 7 in Long Blades
  2017 | D:4      | Found a bloodstained altar of Trog.
  2108 | D:4      | Received a gift from Trog
  2219 | D:4      | Noticed Edmund
  2231 | D:4      | Killed Edmund
  2231 | D:4      | Reached XP level 7. HP: 60/60 MP: 6/6
  2330 | D:4      | Found Viteif's Assorted Antiques.
  2341 | D:4      | Noticed Eustachio
  2414 | D:4      | Killed Eustachio
  2414 | D:4      | Reached skill level 5 in Fighting
  2414 | D:4      | Reached skill level 8 in Long Blades
  2414 | D:4      | Reached skill level 5 in Armour
  2862 | D:5      | Entered Level 5 of the Dungeon
  2896 | D:5      | Found a staircase to the Ecumenical Temple.
  2901 | Temple   | Entered the Ecumenical Temple
  3346 | D:5      | Reached XP level 8. HP: 70/70 MP: 7/7
  3380 | D:5      | Reached **** piety under Trog
  3414 | D:5      | Reached skill level 9 in Long Blades
  3473 | D:5      | Found a hide-covered altar of Uskayaw.
  3475 | D:5      | Found a deep blue altar of Sif Muna.
  3477 | D:5      | Found a hazy altar of Hepliaklqana.
  3478 | D:5      | Found an ancient bone altar of Kikubaaqudgha.
  3479 | D:5      | Found a shadowy altar of Dithmenos.
  3591 | D:5      | Found a glowing golden altar of the Shining One.
  4280 | D:6      | Noticed Dowan
  4287 | D:6      | Noticed Duvessa
  4354 | D:6      | Killed Duvessa
  4363 | D:6      | Killed Dowan
  4501 | D:6      | Reached skill level 10 in Long Blades
  4502 | D:6      | Reached XP level 9. HP: 51/79 MP: 8/8
  4680 | D:6      | Found a shadowy altar of Dithmenos.
  4740 | D:6      | Reached skill level 1 in Stealth
  4742 | D:6      | Found a radiant altar of Vehumet.
  5159 | D:7      | Noticed Kohma's ghost (novice DsBe)
  5168 | D:7      | Killed Kohma's ghost
  5168 | D:7      | Reached skill level 11 in Long Blades
  5378 | D:7      | Reached skill level 12 in Long Blades
  5518 | D:7      | Noticed Joseph
  5535 | D:7      | Killed Joseph
  5535 | D:7      | Reached XP level 10. HP: 88/88 MP: 9/9
  5611 | D:7      | Found a bloodstained altar of Trog.
  6043 | D:8      | Reached ***** piety under Trog
  6333 | D:8      | Reached skill level 13 in Long Blades
  6356 | D:8      | Found Ylesk's Antique Weapon Shoppe.
  6404 | D:8      | Noticed Lentor's ghost (novice MiBe)
  6411 | D:8      | Killed Lentor's ghost
  6411 | D:8      | Reached skill level 10 in Armour
  6470 | D:8      | Noticed a two-headed ogre
  6471 | D:8      | Found a staircase to the Lair.
  6479 | D:8      | Killed a two-headed ogre
  6491 | D:8      | Reached skill level 14 in Long Blades
  6499 | D:8      | HP: 1/90 [wight/enchanted great sword (9)]
  6515 | D:8      | HP: 1/90 [sky beast (5)]
  6527 | D:8      | HP: 3/90 [orc (1)]
  6530 | D:8      | Killed from afar by a steam dragon

Skill      XL: |  1  2  3  4  5  6  7  8  9 10 |
---------------+-------------------------------+-----
Long Blades    | 4 5 6 7 8 10 12 14 | 14.1
Fighting       | 4 5 7 8 |  8.9
Dodging        | 3 |  3.3
Armour         | 4 6 8 9 10 | 10.3
Stealth        | 1 |  1.3

Action                   |  1- 3 |  4- 6 |  7- 9 | 10-12 || total
-------------------------+-------+-------+-------+-------++-------
Melee: Falchion          |    87 |   123 |   192 |       ||   402
       Headbutt          |    12 |    24 |    72 |    27 ||   135
       Great sword       |       |       |   109 |   123 ||   232
Invok: Berserk           |       |     2 |     7 |     1 ||    10
       Trog's Hand       |       |       |     1 |       ||     1
  Eat: Chunk             |       |     5 |    18 |     3 ||    26
       Ration            |       |       |     1 |       ||     1
Armor: Animal skin       |     5 |       |       |       ||     5
       Scale mail        |    18 |       |       |       ||    18
       Leather armour    |     4 |       |       |       ||     4
       Plate armour      |       |    74 |   247 |    68 ||   389
Dodge: Dodged            |    74 |    39 |   135 |    56 ||   304
       Rpst.: Falchion   |    16 |    11 |    25 |       ||    52
       Great sword       |       |       |    13 |    17 ||    30
